 Dungeon Crawl Stone Soup version 0.30.1-8-g117510f58f (webtiles) character file.

Game seed: 4695298916184230334

116 Amplified the Magician (level 4, -2/33 HPs)
             Began as a Mummy Air Elementalist on Sept 22, 2023.
             Was an Initiate of Gozag.
             Slain by a gnoll
             ... wielding a +0 whip
              (4 damage)
             ... on level 5 of the Dungeon.
             The game lasted 00:07:04 (3543 turns).

Amplified the Magician (Mummy Air Elementalist)     Turns: 3543, Time: 00:07:05

Health: -2/33      AC:  2    Str: 13    XL:     4   Next: 70%
Magic:  10/10      EV: 12    Int: 14    God:    Gozag
Gold:   225        SH:  0    Dex: 12    Spells: 8/11 levels left

rFire   x . .        b - +1 hand axe (elec)
rCold   + . .        (no shield)
rNeg    + + +        a - +0 robe
rPois   ∞            (no helmet)
rElec   .            (no cloak)
rCorr   .            (no gloves)
SInv    .            (no boots)
Will    .....        (no amulet)
Stlth   ++           (no ring)
HPRegen 0.25/turn    (no ring)
MPRegen 0.12/turn

%: faith
@: no status effects
A: cold resistance 1, negative energy resistance 3, torment resistance 2, heat
vulnerability 1, in touch with death 1, no potions, faith
a: Renounce Religion, Potion Petition, Call Merchant, Bribe Branch


You were on level 5 of the Dungeon.
You worshipped Gozag.
Gozag was aware of your devotion.
You visited 2 branches of the dungeon, and saw 6 of its levels.

You collected 312 gold pieces.
You paid 87 gold pieces to Gozag.

Inventory:

Hand Weapons
 b - a +1 hand axe of electrocution (weapon)
 c - a +0 club
 d - a +1 dagger of draining
Armour
 a - a +0 robe (worn)
Jewellery
 i - an amulet of guardian spirit
Scrolls
 e - a scroll of immolation
 h - a scroll of enchant armour


   Skills:
 * Level 2.2 Fighting
 * Level 0.1 Axes
 - Level 1.8 Dodging
 - Level 1.5 Stealth
 * Level 4.0 Spellcasting
 - Level 0.7 Conjurations
 * Level 3.2 Air Magic


You had 8 spell levels left.
You knew the following spells:

 Your Spells              Type           Power      Damage    Failure   Level
a - Shock                 Conj/Air       32%        1d5       9%          1
b - Static Discharge      Conj/Air       16%        2-3/arc   13%         2

Your spell library contained the following spells:

 Spells                   Type           Power      Damage    Failure   Level
 Swiftness                Air            11%        N/A       16%         3
 Vhi's Electric Charge    Tloc/Air       14%        N/A       30%         3
 Airstrike                Air            5%         2d(1-17)  45%         4
 Arcjolt                  Conj/Air       4%         1d14      94%         5
 Maxwell's Capacitive Co  Air            5%         ∞         100%        8


Dungeon Overview and Level Annotations

Branches:
Dungeon (5/15)             Temple (1/1) D:4

Altars:
Ashenzari
Dithmenos
Gozag
Kikubaaqudgha
Makhleb
Nemelex Xobeh
Okawaru
Sif Muna
Trog
Uskayaw
Vehumet
Wu Jian

Shops:
D:1 ?

Annotations:
D:3 Grinder


Innate Abilities, Weirdness & Mutations

You are immune to poison.
Your flesh is cold resistant. (rC+)
You are immune to negative energy. (rN+++)
You are immune to unholy pain and torment.
You are vulnerable to heat. (rF-)
You are in touch with the powers of death.
You do not drink.
You have a special connection with the divine. (Faith)


Message History

The gnoll shouts!
The gnoll misses you. The gnoll attacks as you move away! The gnoll misses you.
You open the door. The gnoll hits you with a +0 whip.
The gnoll barely misses you.
There is an open door here.
The gnoll attacks as you move away! The gnoll barely misses you.
The gnoll attacks as you move away! The gnoll hits you but does no damage.
The gnoll hits you with a +0 flail.
There is a stone staircase leading down here.
The gnoll hits you with a +0 flail! The gnoll misses you.
You climb downwards.
There is a stone staircase leading up here.
Unknown command.
The gnoll attacks as you move away! The gnoll misses you.
The gnoll attacks as you move away! The gnoll hits you with a +0 flail!
An iguana comes into view.
Found a stone staircase leading up.
The iguana hisses angrily.
Okay, then.
Okay, then.
You can't drink.
Unknown command.
You aren't carrying any items that you can evoke.
Unknown command.
The gnoll attacks as you move away! The gnoll hits you but does no damage.
Found 12 gold pieces.
The iguana barely misses you. The iguana attacks as you move away!
The iguana bites you!
* * * LOW HITPOINT WARNING * * *
The gnoll attacks as you move away! The gnoll hits you with a +0 whip.
* * * LOW HITPOINT WARNING * * *
The gnoll attacks as you move away! The gnoll closely misses you.
Found a trident.
Unknown command.
Unknown command.
There is a stone staircase leading up here.
Unknown command.
The gnoll hits you with a +0 whip.
You die...
Your body crumbles into a pile of gold.

..... .## ....#..##
.###.......
.........)...##
...............###
#...... #.........#
#......###........##
.......#.#..@.......
#........##lg.......
#........#..g.......
#...................
....................
....#.........$....
#. #..............
###.............
#..........#..#


You could see an iguana and 2 gnolls.

Vanquished Creatures
  A gnoll (D:1)
  3 adders
  A worm (D:3)
  3 dart slugs
  4 orcs
  6 ball pythons
  7 endoplasms
  5 giant cockroaches
  11 goblins
  3 hobgoblins
  5 quokkas
  6 bats
  3 frilled lizards
  2 kobolds
  2 rats
62 creatures vanquished.

Notes
Turn   | Place    | Note
-------+----------+-------------------------------------------
     0 | D:1      | Amplified the Mummy Air Elementalist began the quest for
                  | the Orb.
     0 | D:1      | Reached XP level 1. HP: 13/13 MP: 4/4
   245 | D:1      | Reached XP level 2. HP: 20/20 MP: 3/5
   264 | D:1      | Learned a level 2 spell: Static Discharge
   373 | D:1      | Reached skill level 3 in Spellcasting
   377 | D:1      | Found Behen's Magic Scroll Emporium.
   601 | D:1      | HP: 1/20 [ball python (3)]
   697 | D:1      | Reached skill level 1 in Fighting
  1232 | D:2      | Gained mutation: You are in touch with the powers of death.
                  | [Mummy growth]
  1232 | D:2      | Reached XP level 3. HP: 26/26 MP: 7/7
  2144 | D:3      | Reached XP level 4. HP: 27/33 MP: 9/9
  2265 | D:3      | Noticed Grinder
  2533 | D:4      | Found a staircase to the Ecumenical Temple.
  2546 | Temple   | Entered the Ecumenical Temple
  2733 | Temple   | Became a worshipper of Gozag Ym Sagoz the Greedy
  3228 | D:1      | Reached skill level 4 in Spellcasting
  3299 | D:1      | Found a faded altar of an unknown god.
  3509 | D:3      | Paralysed by Grinder for 2 turns
  3531 | D:5      | Entered Level 5 of the Dungeon
  3539 | D:5      | HP: 1/33 [gnoll/+0 whip (4)]
  3543 | D:5      | Slain by a gnoll

Illustrated notes

Levels and vault maps discovered:
D:1:      saegor_arrival_fortress, layout_basic,
          chequers_ecumenical_altar_lobes, serial_shops,
          nicolae_shop_pleasant_corner_grove
D:2:      layout_basic, minivault_5, st_stairs_4, minmay_crystal_room
D:3:      layout_basic, uniq_grinder
D:4:      black_bear_nest_2, layout_gridville, temple_fountains, uniq_sigmund
D:5:      layout_cave_pools, minivault_23
Temple:   nicolae_temple_superstar

Skill      XL: |  1  2  3  4 |
---------------+-------------+-----
Spellcasting   | 3 4 |  4.0
Fighting       | 1 2 |  2.2
Air Magic      | 3 |  3.2
Axes           | |  0.1
Dodging        | |  1.8
Stealth        | |  1.5
Conjurations   | |  0.7

Action                     |  1- 3 |  4- 6 || total
---------------------------+-------+-------++-------
  Melee: Club              |    71 |       ||    71
         Punch             |     3 |       ||     3
         Unarmed           |     1 |       ||     1
         Dagger            |    41 |    60 ||   101
         Hand axe          |       |    11 ||    11
   Cast: Shock             |    28 |     7 ||    35
         Static Discharge  |     6 |     5 ||    11
    Use: Scroll            |     9 |     6 ||    15
   Stab: Sleeping          |     1 |       ||     1
 Armour: Robe              |    37 |    17 ||    54
  Dodge: Dodged            |    89 |    57 ||   146
